 Dungeon Crawl Stone Soup version 0.29.1-2-gbd0b4ee654 (webtiles) character file.

Game seed: 5538883015714018479

47 cdecastro the Changer (level 3, 0/27 HPs)
             Began as a Demigod Transmuter on Nov 13, 2022.
             Slain by a gnoll
             ... wielding a +0 club
              (4 damage)
             ... on level 2 of the Dungeon.
             The game lasted 00:02:30 (1427 turns).

cdecastro the Changer (Demigod Transmuter)          Turns: 1427, Time: 00:02:31

Health: 0/27       AC:  2    Str: 11    XL:     3   Next: 29%
Magic:  8/8        EV: 12    Int: 19    God:
Gold:   72         SH:  0    Dex: 14    Spells: 4/5 levels left

rFire   . . .      SeeInvis .   d - +1 dagger (venom)
rCold   . . .      Faith    .   (no shield)
rNeg    . . .      Spirit   .   a - +0 robe
rPois   .          Reflect  .   (no helmet)
rElec   .          Harm     .   (no cloak)
rCorr   .          Rampage  .   (no gloves)
Will    .....                   (no boots)
Stlth   +.........              (no amulet)
HPRegen 0.09/turn               (no ring)
MPRegen 0.11/turn               (no ring)

@: no status effects
A: high MP 1, forlorn, divine attributes
a: no special abilities


You were on level 2 of the Dungeon.
You visited 1 branch of the dungeon, and saw 2 of its levels.

You collected 72 gold pieces.

Inventory:

Hand Weapons
 d - a +1 dagger of venom (weapon)
Armour
 a - a +0 robe (worn)
 h - a scarf of invisibility
Scrolls
 f - 2 scrolls of identify {unknown}
 i - 3 scrolls of vulnerability {unknown}
 j - a scroll of butterflies {unknown}
 l - a scroll of magic mapping {unknown}
Potions
 b - a potion of lignification
 c - a potion of cancellation {unknown}
 e - a potion of invisibility {unknown}
 g - a potion of mutation {unknown}
 k - a potion of might {unknown}
 m - a potion of heal wounds {unknown}
 n - a potion of curing {unknown}


   Skills:
 - Level 0.8 Fighting
 - Level 1.7 Dodging
 - Level 2.9 Unarmed Combat
 - Level 1.7 Spellcasting
 + Level 3.4 Transmutations


You had 4 spell levels left.
You knew the following spells:

 Your Spells              Type           Power      Damage    Failure   Level
a - Beastly Appendage     Tmut           28%        N/A       4%          1

Your spell library contained the following spells:

 Spells                   Type           Power      Damage    Failure   Level
 Wereblood                Tmut           14%        N/A       6%          2
 Spider Form              Tmut/Pois      8%         N/A       26%         3
 Ice Form                 Ice/Tmut       8%         N/A       65%         4


Dungeon Overview and Level Annotations

Branches:
Dungeon (2/15)


Innate Abilities, Weirdness & Mutations

You have an increased reservoir of magic. (+10% MP)
You shall have no god before yourself.
Your divine heritage dramatically boosts your attributes as you level up.


Message History

n - a sedimented dark potion You now have 51 gold pieces (gained 27).
You now have 57 gold pieces (gained 6).
Found 6 stones.
You now have 64 gold pieces (gained 7).
You now have 72 gold pieces (gained 8).
You see here 6 stones.
You open the door.
There is an open door here.
You open the door. You open the door.
There is an open door here.
You open the door.
There is an open door here.
As you open the door, it creaks loudly! 2 gnolls come into view.
The gnoll shouts!
You hear a shout!
You hear a bark! x2
There are monsters nearby!
There are monsters nearby!
There are monsters nearby!
You hit the gnoll but do no damage.
The gnoll is poisoned.
You hear a bark!
The gnoll hits you with a +0 club.
You hit the gnoll.
The gnoll looks as sick as possible!
The gnoll is lightly wounded.
You hit the gnoll but do no damage.
The gnoll is poisoned.
The gnoll hits you with a +0 club. The gnoll hits you with a +0 whip.
A gnoll comes into view. It is wielding a +0 spear.
You hit the gnoll.
The gnoll looks as sick as possible!
The gnoll is moderately wounded.
The gnoll closely misses you. The gnoll hits you with a +0 whip!
* * * LOW HITPOINT WARNING * * *
Unknown command.
You kill the gnoll!
The gnoll hits you with a +0 club.
* * * LOW HITPOINT WARNING * * *
The gnoll attacks as you move away! The gnoll hits you with a +0 club.
* * * LOW HITPOINT WARNING * * *
The gnoll attacks as you move away! The gnoll hits you with a +0 club.
You die...

#......#### #.........#
#..>......# #.........#
#.........##
####.......######
#.#..........####.#
#<..........g)....#
####.....@g...######
#........#+#######
#.####'#...##....# #.#
#.###.##.<..#
####.####.###†##....#
#....#.....##.##....#
#.####.##..##..'....#
#..........##.##....#
##########.#...#...#....#


You could see 2 gnolls.

Vanquished Creatures
  A gnoll (D:2)
  3 bats
  An endoplasm (D:1)
  2 giant cockroaches (D:1)
  3 goblins (D:1)
  4 hobgoblins (D:1)
  7 jackals
  4 kobolds
  A quokka (D:1)
  A ball python (D:1)
  3 frilled lizards (D:1)
  2 rats
32 creatures vanquished.

Notes
Turn   | Place    | Note
-------+----------+-------------------------------------------
     0 | D:1      | cdecastro the Demigod Transmuter began the quest for the
                  | Orb.
     0 | D:1      | Reached XP level 1. HP: 15/15 MP: 5/5
   142 | D:1      | Reached skill level 2 in Transmutations
   440 | D:1      | Reached XP level 2. HP: 22/22 MP: 7/7
   872 | D:1      | Reached skill level 3 in Transmutations
  1197 | D:2      | Reached XP level 3. HP: 21/27 MP: 8/8
  1427 | D:2      | Slain by a gnoll

Illustrated notes

Levels and vault maps discovered:
D:1:      elethiomel_arrival_maze, layout_rooms,
          hellmonk_ecumenical_altar_arch_garden
D:2:      layout_basic, uniq_terence

Skill      XL: |  1  2 |
---------------+-------+-----
Transmutations | 2 3 |  3.4
Fighting       | |  0.8
Dodging        | |  1.7
Unarmed Combat | |  2.9
Spellcasting   | |  1.7

Action                   || total
-------------------------++-------
Melee: Dagger            ||    71
       Unarmed           ||     4
       Punch             ||     2
Armor: Robe              ||    13
Dodge: Dodged            ||    64
